 Dungeon Crawl Stone Soup version 0.30-a0-223-gcb0039aa0c (webtiles) character file.

Game seed: 16910447482988638828

222 qw the Chopper (level 5, -9/32 HPs)
             Began as a Gargoyle Fighter on Oct 9, 2022.
             Splashed by a jelly's acid (10 damage)
             ... on level 3 of the Dungeon.
             The game lasted 00:01:02 (2594 turns).

qw the Chopper (Gargoyle Fighter)                   Turns: 2594, Time: 00:01:02

Health: -9/32      AC:  4    Str: 20 (22) XL:     5   Next: 99%
Magic:  5/5        EV:  9    Int:  6 (8)  God:
Gold:   189        SH:  4    Dex:  7 (9)  Spells: 4/4 levels left

rFire   . . .      SeeInvis .    Y - +0 war axe
rCold   . . .      Faith    .    c - +0 buckler
rNeg    + . .      Spirit   .    b - +0 scale mail
rPois   inf        Reflect  .    e - +0 helmet
rElec   +          Harm     .    (no cloak)
rCorr   .          Rampage  .    (no gloves)
Will    .....                    (no boots)
Stlth   ..........               (no amulet)
HPRegen 0.25/turn                (no ring)
MPRegen 0.09/turn                (no ring)

@: about to teleport, corroded
A: sickness immunity, AC +4, negative energy resistance 1, electricity
resistance, torment resistance 1, petrification resistance
a: no special abilities


You were on level 3 of the Dungeon.
You visited 1 branch of the dungeon, and saw 4 of its levels.

You collected 189 gold pieces.


Innate Abilities, Weirdness & Mutations

You are immune to sickness and miasma.
Your stone body is resilient. (AC +4)
You are immune to poison.
You resist negative energy. (rN+)
You are resistant to electric shocks. (rElec)
You are resistant to unholy torment.
You are immune to petrification.


   Skills:
 + Level 3.3 Fighting
 - Level 5.4 Axes
 - Level 3.2 Armour
 - Level 3.2 Shields


You had 4 spell levels left.
You didn't know any spells.
Your spell library was empty.

Inventory:

Hand Weapons
 i - a +0 whip
 Y - a +0 war axe (weapon)
Armour
 b - a +0 scale mail (worn)
 c - a +0 buckler (worn)
 e - a +0 helmet (worn)
Potions
 d - 2 potions of might
 f - a potion of mutation {unknown}
 h - 4 potions of curing
 k - a potion of flight {unknown}
 l - a potion of invisibility {unknown}
 n - a potion of haste {unknown}

Dungeon Overview and Level Annotations

Branches:
Dungeon (4/15)
 Temple: D:4-7

Altars:
Elyvilon
Kikubaaqudgha
Ru


Message History

Where to? (* - list waypoints, Enter - D:3, ? - help)
What level of the Dungeon? (default 1, ? - help)
You open the door.
There is an open door here.
There is a stone staircase leading down here.
You climb downwards.
The jelly quivers.
The endoplasm quivers.
The ball python hisses angrily.
There is a stone staircase leading up here.
There are monsters nearby!
Existing waypoints: (1) D:2 (2) D:3 Assign waypoint to what number? (0-9, D - delete waypoint) Waypoint 1 re-assigned from D:2 to D:4.
Enter note:
2587 ||| STAIRDANCE The jelly barely misses you.
You climb upwards.
There is a stone staircase leading down here.
You hit the jelly. The acid corrodes you!
Your hands burn!
The jelly is moderately wounded.
The jelly barely misses you.
You slash the jelly!
Your hands burn!
The jelly is severely wounded.
The jelly hits you.
You are splashed with acid.
You barely miss the jelly.
The jelly is severely wounded.
The jelly hits you but does no damage.
You hit the jelly. The acid corrodes you!
Your hands burn!
The jelly is almost dead.
The jelly hits you.
You are splashed with acid.
You barely miss the jelly.
The jelly is almost dead.
The jelly hits you but does no damage. The jelly hits you.
You are splashed with acid!
2594 ||| READING scroll of teleportation.
As you read the scroll of teleportation, it crumbles to dust.
You feel strangely unstable. The jelly hits you. The acid corrodes you!
You are splashed with acid!
You die...

######### ########
#.......# #.......
#.......# #.......
#.......# #!......
#.......# #####.......
#.......# #...........
#....J..# #...........
#....@..###........###
##.........'........#
#.).......##........###
#####.........##...........
#<............##...........
#.####........##.....^.....
#.# #......[..............
#.# ###....#..............
#.######.####....##+#......


You could see a jelly.

Vanquished Creatures
  A sky beast (D:3)
  Robin (D:2)
  3 adders (D:2)
  A worm (D:3)
  6 dart slugs
  2 orcs (D:3)
  5 bats
  5 endoplasms
  2 giant cockroaches (D:1)
  13 goblins
  10 hobgoblins
  4 jackals (D:1)
  2 kobolds (D:1)
  3 quokkas
  6 ball pythons
  2 frilled lizards (D:1)
  8 rats
74 creatures vanquished.

Notes
Turn   | Place    | Note
-------+----------+-------------------------------------------
     0 | D:1      | qw the Gargoyle Fighter began the quest for the Orb.
     0 | D:1      | Reached XP level 1. HP: 14/14 MP: 1/1
     0 | D:1      | 0 ||| qw: Version: 0.2-a-17-g06abaee
     0 | D:1      | 0 ||| qw: Game counter: 2074
     0 | D:1      | 0 ||| qw: Always use a shield: true
     0 | D:1      | 0 ||| qw: God list: Okawaru
     0 | D:1      | 0 ||| qw: Allow faded altars: false
     0 | D:1      | 0 ||| qw: Do Orc after D:15 true
     0 | D:1      | 0 ||| qw: Do second Lair branch before Depths: true
     0 | D:1      | 0 ||| qw: Lair rune preference: random
     0 | D:1      | 0 ||| qw: Plans: Normal, Zot:1-4, God:TSO, Crypt, Tomb,
                  | Pan, Slime:5, Hells, Abyss, Orb
     0 | D:1      | 0 ||| PLANNING D:1-11
    65 | D:1      | Reached skill level 2 in Axes
    81 | D:1      | 81 ||| Stepping ~*~*~tactically~*~*~ (stealth).
    82 | D:1      | 82 ||| Stepping ~*~*~tactically~*~*~ (stealth).
   135 | D:1      | Reached XP level 2. HP: 19/19 MP: 2/2
   267 | D:1      | 267 ||| Stepping ~*~*~tactically~*~*~ (stealth).
   269 | D:1      | 269 ||| Stepping ~*~*~tactically~*~*~ (hiding).
   277 | D:1      | Reached skill level 3 in Axes
   278 | D:1      | Reached XP level 3. HP: 23/23 MP: 3/3
   280 | D:1      | 280 ||| Stepping ~*~*~tactically~*~*~ (stealth).
   301 | D:1      | 301 ||| Stepping ~*~*~tactically~*~*~ (stealth).
   340 | D:1      | 340 ||| Stepping ~*~*~tactically~*~*~ (stealth).
   457 | D:1      | 457 ||| DROPPING +0 club.
   610 | D:1      | 610 ||| READING 2 scrolls labelled UGGAJO TUWU.
   611 | D:1      | 611 ||| DRINKING 3 ruby potions.
   612 | D:1      | 612 ||| DROPPING scroll of noise.
   798 | D:2      | Reached XP level 4. HP: 28/28 MP: 4/4
   996 | D:2      | Found a faded altar of an unknown god.
  1033 | D:2      | Reached skill level 4 in Axes
  1100 | D:2      | Noticed Robin
  1122 | D:2      | Killed Robin
  1621 | D:2      | 1621 ||| UPGRADING to +0 helmet.
  1626 | D:2      | 1626 ||| DROPPING ring of magical power.
  1627 | D:2      | 1627 ||| READING scroll labelled TITRIG RIPP.
  1667 | D:3      | Reached XP level 5. HP: 31/32 MP: 5/5
  1878 | D:3      | Found an ancient bone altar of Kikubaaqudgha.
  1909 | D:3      | Found a sacrificial altar of Ru.
  1968 | D:3      | Found a white marble altar of Elyvilon.
  2217 | D:3      | Noticed a sky beast
  2234 | D:3      | Killed a sky beast
  2235 | D:3      | Reached skill level 5 in Axes
  2462 | D:3      | 2462 ||| READING 2 scrolls labelled BUAFYM DEESAPH.
  2467 | D:3      | 2467 ||| READING scroll labelled HOKELA HERGHOU.
  2468 | D:3      | 2468 ||| READING scroll labelled DOWIYS LOPIEFEMAFU.
  2569 | D:3      | 2569 ||| DRINKING 3 fizzy cyan potions.
  2570 | D:3      | 2570 ||| DROPPING 2 potions of degeneration.
  2587 | D:4      | 2587 ||| STAIRDANCE
  2593 | D:3      | HP: 3/32 [acid (8)]
  2594 | D:3      | 2594 ||| READING scroll of teleportation.
  2594 | D:3      | HP: 1/32 [jelly (2)]
  2594 | D:3      | Splashed by a jelly's acid

Levels and vault maps discovered:
D:1:      dpeg_arrival_water_temple_mockup, layout_basic, minmay_octomino_c4
D:2:      layout_basic, hellmonk_ecumenical_altar_slurped_away, minmay_cupped,
          uniq_robin
D:3:      layout_basic, nicolae_ru_the_path_less_chosen,
          nicolae_kikubaaqudgha_miasma_corner, elyvilon_altar_4
D:4:      layout_basic, grunt_temple_overflow_forces_of_nature,
          chei_slow_surprise, due_unseen_surprise

Skill      XL: |  1  2  3  4  5 |
---------------+----------------+-----
Axes           | 2 3 4 5 |  5.4
Fighting       | |  3.3
Armour         | |  3.2
Shields        | |  3.2

Action                   |  1- 3 |  4- 6 || total
-------------------------+-------+-------++-------
Melee: War axe           |   109 |   101 ||   210
  Use: Scroll            |     1 |     5 ||     6
       Potion            |     1 |     1 ||     2
Armor: Scale mail        |    56 |    50 ||   106
Dodge: Dodged            |    56 |    48 ||   104
Block: Buckler           |    20 |    22 ||    42

Table legend:
 A = Non-vault XP
 B = Vault XP
 C = Vault XP percentage of total XP
 D = Non-vault monster count
 E = Vault monster count
 F = Vault count percentage of total count
                 A         B        C        D         E       F
            +---------+---------+-------+---------+---------+-------
      Total |     265 |      53 |  16.7 |      54 |      20 |  27.0
            +---------+---------+-------+---------+---------+-------
        D:1 |      44 |      10 |  18.5 |      27 |       5 |  15.6
        D:2 |      61 |      43 |  41.3 |      13 |      15 |  53.6
        D:3 |     160 |       0 |   0.0 |      14 |       0 |   0.0
            +---------+---------+-------+---------+---------+-------
